 Dungeon Crawl Stone Soup version 0.23.2-1-ga50397a6bc (webtiles) character file.

Game seed: 4282528863304804949

41878 Gargoyl the Cleaver (level 13, -5/85 HPs)
             Began as a Centaur Abyssal Knight on May 3, 2019.
             Was a Believer of Lugonu.
             Killed from afar by a wretched star (17 damage)
             ... with an orb of energy
             ... on level 1 of the Abyss.
             The game lasted 00:48:05 (27452 turns).

Gargoyl the Cleaver (Centaur Abyssal Knight)       Turns: 27452, Time: 00:48:05

Health: -5/85      AC: 18    Str: 26      XL:     13   Next: 82%
Magic:  21/21      EV: 11    Int:  6 (7)  God:    Lugonu [**....]
Gold:   740        SH:  0    Dex: 11      Spells: 12/12 levels left

rFire    . . .     SeeInvis .   g - +7 hand axe (venom)
rCold    . . .     Gourm    .   F - +2 buckler
rNeg     + + +     Faith    .   J - +3 scale mail "Tuminaco" {rN++ MR+}
rPois    .         Spirit   .   i - +2 helmet
rElec    .         Reflect  +   z - +0 cloak (curse)
rCorr    .         Harm     .   E - +0 pair of gloves
MR       +....                  (no barding)
Stlth    ..........             r - +4 amulet of reflection
HPRegen  0.24/turn              C - +3 ring of strength (curse)
MPRegen  0.17/turn              w - ring of positive energy

@: confused, mighty, very slightly contaminated, studying Crossbows, invisible,
very quick
A: large, hooves 3, blurry vision 1, deformed body, [deterioration 2], [dopey
2], speed 2, [frail 2], tough skin 3, [no potion heal 2], subdued magic 1
a: Depart the Abyss, Bend Space, Renounce Religion


You were on level 1 of the Abyss.
You worshipped Lugonu.
Lugonu was pleased with you.
You were near starving.

You visited 2 branches of the dungeon, and saw 16 of its levels.
You visited the Abyss 3 times.
You also visited: Ice Cave.

You collected 1352 gold pieces.
You spent 612 gold pieces at shops.

Inventory:

Hand Weapons
 a - a +2 hand axe
 g - a +7 hand axe of venom (weapon)
 j - a +0 hand axe of flaming
Missiles
 h - 18 tomahawks (quivered)
Armour
 i - a +2 helmet (worn)
 z - a cursed +0 cloak (worn)
 E - a +0 pair of gloves (worn)
 F - a +2 buckler (worn)
 J - the +3 scale mail "Tuminaco" (worn) {rN++ MR+}
   (You bought it in a shop on level 11 of the Dungeon)

   It greatly protects you from negative energy.
   It affects your resistance to hostile enchantments.
Jewellery
 r - a +4 amulet of reflection (around neck)
 w - a ring of positive energy (right hand)
 C - a cursed +3 ring of strength (left hand)
Wands
 p - a wand of acid (23)
 q - a wand of flame (16)
 y - a wand of iceblast (27)
 G - a wand of disintegration (43)
 I - a wand of random effects (31)
 O - a wand of digging (7)
Scrolls
 e - 2 scrolls of identify
 k - 11 scrolls of remove curse
 l - 2 scrolls of amnesia
 m - 4 scrolls of fear
 o - 4 scrolls of teleportation
 x - 3 scrolls of magic mapping
 L - a scroll of enchant armour {unknown}
 M - a scroll of enchant weapon
Potions
 b - 3 potions of cancellation
 d - 2 potions of flight
 f - a potion of brilliance
 n - a potion of magic
 s - 2 potions of mutation
 v - 2 potions of haste
 B - a potion of berserk rage
 H - a potion of lignification
 K - a potion of might
Books
 D - a manual of Crossbows
Comestibles
 c - 38 rations
 t - 6 chunks of flesh


   Skills:
 + Level 8.1 Fighting
 + Level 10.9 Axes
 + Level 2.2 Throwing
 * Level 10.1 Armour
 * Level 7.2 Dodging
 + Level 5.4 Shields
 * Level 10.8 Invocations
 + Level 0.3 Evocations


You had 12 spell levels left.
You didn't know any spells.
Your spell library contained the following spells:

 Spells                   Type           Power        Failure   Level  Hunger
 Beastly Appendage        Tmut           #.....       65%         1    ##.....
 Shock                    Conj/Air       #...         65%         1    ##.....
 Sticks to Snakes         Tmut           #.......     80%         2    ###....
 Swiftness                Chrm/Air       #.......     80%         2    ###....
 Spider Form              Tmut/Pois      #.........   95%         3    ####...
 Static Discharge         Conj/Air       #.......     95%         3    ####...
 Airstrike                Air            #.........   100%        4    #####..
 Ice Form                 Ice/Tmut       #.......     100%        4    #####..
 Blade Hands              Tmut           #.........   100%        5    ######.
 Lightning Bolt           Conj/Air       #.........   100%        5    ######.


Dungeon Overview and Level Annotations

Branches:
Dungeon (11/15)            Temple (0/1) D:5            Lair (5/6) D:10
  Swamp (0/4) Lair:3       Spider (0/4) Lair:3          Orc (0/2) D:9
  Slime: Lair:5-6

Altars:
Elyvilon
Hepliaklqana
Nemelex Xobeh
Okawaru
Wu Jian
Yredelemnul
Beogh

Shops:
D:4 (   D:8 ?*(!!   D:10 }*?   D:11 [%*

Annotations:
D:3 3 runed translucent doors, Freyura's ghost, amateur DsFi; Morrissey's ghost, weakling MfSk; btonasse's ghost, amateur SpVM; voshxz's ghost, weakling SpEn


Innate Abilities, Weirdness & Mutations

You have hooves in place of feet.
Armour fits poorly on your strangely shaped body.
You cover ground very quickly.
You have extremely tough skin. (AC +3)
Scrolls take you a little longer to read.
Your spells are a little easier to cast, but a little less powerful.
[Your body often deteriorates upon taking damage.]
[You are very dopey. (Int -4)]
[You are very frail. (-20% HP)]
[Potions are poor at restoring your health.]


Message History

It was a potion of invisibility.
You fade into invisibility!
You are very lightly contaminated with residual magic.
You are confused.
You feel invigorated.
The wretched star pulses with an eldritch light!
Your system partially rejects the healing effects of potions.
Your system mostly rejects the healing effects of potions.
You bump into the rock wall.
The wretched star pulses with an eldritch light!
You feel stupid. x2; You feel yourself wasting away.
You feel your body start to fall apart.
The wretched star glows turbulently.
The orb of energy hits you!
* * * LOW HITPOINT WARNING * * *
Your body deteriorates!
You feel dopey.
The orb of energy explodes!
The wretched star glows turbulently.
The orb of energy hits you!
You die...

# .#.... ≈.≈≈.
#.#...##. #≈≈≈≈
.#... ..#≈≈#
.... #≈≈# ..##
## .≈# ##..
##≈≈#≈#
#..####≈≈###≈#
#....*.≈≈## ≈#
#@..##.≈..#
#.....#####.≈≈.#
. #...##
.#.≈....# ### #
..≈.#. .. .. ...
# .. .##.###..#
. .# # .. ..


You could see a wretched star.

Vanquished Creatures
  5 hydras
  A two-headed ogre (D:9)
  2 death yaks (IceCv)
  An unseen horror (D:11)
  2 wolf spiders (Lair:3)
  Pikel (D:7)
  An orc knight (D:11)
  An ugly thing (D:11)
  2 black mambas (Lair:2)
  10 elephants
  An ice statue (IceCv)
  9 spiny frogs
  3 rime drakes
  4 komodo dragons
  A tyrant leech (Lair:2)
  3 trolls
  A hornet (D:10)
  A jumping spider (Lair:3)
  A dream sheep (D:9)
  12 polar bears
  10 blink frogs
  8 hippogriffs
  A wyvern (Lair:3)
  3 basilisks
  A wraith (D:10)
  41 yaks
  A steam dragon (D:10)
  2 hungry ghosts (D:9)
  A neqoxec (Abyss:1)
  2 wargs
  A swamp worm (Lair:3)
  5 water moccasins
  Duvessa (D:7)
  5 porcupines
  2 black bears
  2 ice beasts
  10 orc warriors
  2 phantoms
  A slave (D:7)
  A necrophage (D:8)
  8 ogres
  A centaur (D:7)
  14 wolves
  9 crocodiles
  4 big kobolds
  A gnoll sergeant (D:7)
  14 bullfrogs
  2 wyvern zombies
  Dowan (D:7)
  A small abomination (Abyss:1)
  6 killer bees
  3 scorpions
  5 wights (D:6)
  2 electric eels (D:11)
  2 howler monkeys
  3 crimson imps
  3 bullfrog zombies
  2 jellies
  A quasit (D:11)
  4 hounds
  11 orc wizards
  9 orc priests
  5 iguanas
  10 worker ants
  A hound zombie (D:7)
  2 hound skeletons
  A worker ant zombie (D:11)
  Robin (D:3)
  4 gnolls (D:7)
  7 adders
  4 shadow imps
  An ooze (D:1)
  An adder zombie (D:5)
  3 adder skeletons
  4 worms
  A dart slug (D:1)
  12 leopard geckos
  56 orcs
  5 ball pythons
  4 giant cockroaches
  15 goblins
  5 hobgoblins
  19 jackals
  15 kobolds
  3 quokkas
  2 bats (D:2)
  7 frilled lizards
  A jackal skeleton (D:4)
  A quokka skeleton (D:5)
  8 rats
  3 fungi
  4 plants
473 creatures vanquished.

Vanquished Creatures (others)
  A death knight (D:10)
  A hydra (Lair:4)
  2 oklob plants (Lair:1)
  An elephant (Lair:3)
  A phantom (D:7)
  A wolf (IceCv)
  2 orc wizards
  5 fungi
  7 plants
21 creatures vanquished.

Grand Total: 494 creatures vanquished

Notes
Turn   | Place    | Note
-------+----------+-------------------------------------------
     0 | Abyss:1  | Gargoyl the Centaur Abyssal Knight began the quest for the
                  | Orb.
     0 | Abyss:1  | Reached XP level 1. HP: 19/19 MP: 2/2
    50 | Abyss:1  | Found a corrupted altar of Lugonu.
   131 | Abyss:1  | Noticed a sixfirhy
   135 | D:1      | Escaped the Abyss
   188 | D:1      | Reached * piety under Lugonu
   441 | D:1      | Reached XP level 2. HP: 26/26 MP: 3/3
   735 | D:1      | Reached skill level 1 in Dodging
  1014 | D:1      | Reached XP level 3. HP: 28/31 MP: 4/4
  1991 | D:2      | Reached XP level 4. HP: 30/38 MP: 5/5
  2017 | D:2      | Reached ** piety under Lugonu
  2459 | D:3      | Noticed a big kobold
  2944 | D:3      | Noticed Robin
  3395 | D:3      | Killed Robin
  3671 | D:2      | Reached XP level 5. HP: 41/45 MP: 7/7
  4263 | D:3      | Reached XP level 6. HP: 49/52 MP: 8/8
  4299 | D:3      | Found a runed translucent gate.
  4300 | D:3      | Found a runed translucent gate.
  4303 | D:3      | Noticed btonasse's ghost (amateur SpVM)
  4304 | D:3      | Noticed Freyura's ghost (amateur DsFi)
  4304 | D:3      | Noticed Morrissey's ghost (weakling MfSk)
  4305 | D:3      | Noticed voshxz's ghost (weakling SpEn)
  4318 | D:3      | Found a runed translucent gate.
  4363 | D:3      | Found an ornate altar of the Wu Jian Council.
  4366 | D:3      | Found a hazy altar of Hepliaklqana.
  4369 | D:3      | Found a white marble altar of Elyvilon.
  4372 | D:3      | Found a basalt altar of Yredelemnul.
  4646 | D:4      | Found Dedussith's Weapon Shop.
  4672 | D:4      | Bought a +0 hand axe of flaming for 81 gold pieces
  4981 | D:4      | Reached *** piety under Lugonu
  5355 | D:5      | Entered Level 5 of the Dungeon
  5360 | D:5      | Found a sparkling altar of Nemelex Xobeh.
  5392 | D:5      | Found a staircase to the Ecumenical Temple.
  5448 | D:5      | Reached XP level 7. HP: 57/59 MP: 9/9
  6008 | D:6      | Found an iron altar of Okawaru.
  6381 | D:6      | Reached XP level 8. HP: 45/67 MP: 11/11
  6584 | D:6      | Reached skill level 5 in Axes
  6822 | D:7      | Noticed Duvessa
  6822 | D:7      | Noticed Dowan
  6832 | D:7      | Reached **** piety under Lugonu
  6832 | D:7      | Reached skill level 1 in Shields
  6837 | D:7      | Killed Duvessa
  6841 | D:7      | Killed Dowan
  7229 | D:7      | Noticed Pikel
  7251 | D:7      | Killed Pikel
  7251 | D:7      | Reached skill level 5 in Fighting
  7251 | D:7      | Reached skill level 5 in Invocations
  7251 | D:7      | Reached XP level 9. HP: 41/74 MP: 12/12
  7781 | D:7      | Reached skill level 5 in Armour
  8228 | D:8      | Found Roax Tit's General Store.
  8427 | D:8      | Found Pastudy's Weapon Boutique.
  8436 | D:8      | Found Ocanloegh's Distillery.
  8444 | D:8      | Bought a potion of heal wounds for 70 gold pieces
  8488 | D:8      | Found Qagox's Distillery.
  8496 | D:8      | Bought a potion of heal wounds for 65 gold pieces
  8496 | D:8      | Bought a potion of heal wounds for 65 gold pieces
  8669 | D:8      | Found Woriomij's Magic Scroll Emporium.
  8677 | D:8      | Bought a scroll of enchant weapon for 97 gold pieces
  9549 | D:9      | Found a staircase to the Orcish Mines.
  9700 | D:8      | Reached XP level 10. HP: 77/81 MP: 14/14
  9986 | D:9      | HP: 1/82 [orc warrior/+0 flail (14)]
 10980 | D:9      | Reached ***** piety under Lugonu
 11422 | D:9      | Noticed a two-headed ogre
 11430 | D:9      | Killed a two-headed ogre
 11889 | D:9      | Noticed a three-headed hydra
 11911 | D:9      | Killed a one-headed hydra
 12168 | D:10     | Entered Level 10 of the Dungeon
 12177 | D:10     | Reached XP level 11. HP: 88/89 MP: 16/16
 12226 | D:10     | Found Zonom's Magic Scroll Emporium.
 12230 | D:10     | Bought a scroll of teleportation for 36 gold pieces
 13312 | D:10     | Found a staircase to the Lair.
 13395 | D:10     | Found Joaboc's Assorted Antiques.
 13693 | D:10     | Found Lyssuos's Gadget Boutique.
 13881 | D:11     | Noticed a death knight
 13980 | D:10     | Banished a death knight
 13980 | D:10     | Reached skill level 5 in Dodging
 14306 | D:11     | Killed an unseen horror
 14673 | D:11     | Found Plog's General Store.
 14689 | D:11     | Noticed a white ugly thing
 14724 | D:11     | Killed a white ugly thing
 14976 | D:11     | Found Pile's Antique Armour Boutique.
 14988 | D:11     | Bought an ichor-stained scale mail for 198 gold pieces
 14998 | D:11     | Identified the +3 scale mail "Tuminaco" {rN++ MR+} (You
                  | bought it in a shop on level 11 of the Dungeon)
 15037 | D:11     | Found Fiyses's Food Shop.
 15637 | D:11     | Found a roughly hewn altar of Beogh.
 15638 | D:11     | Noticed an orc knight
 16345 | D:11     | Killed an orc knight
 16993 | Lair:1   | Entered Level 1 of the Lair of Beasts
 17557 | Lair:1   | Noticed an oklob plant
 17557 | Lair:1   | Noticed an oklob plant
 17749 | Lair:1   | Noticed an oklob plant
 17750 | Lair:1   | Banished an oklob plant
 17751 | Lair:1   | Noticed an oklob plant
 17935 | Lair:1   | Reached XP level 12. HP: 48/97 MP: 18/18
 19255 | Abyss:1  | Gained mutation: Scrolls take you a little longer to read.
                  | [a neqoxec]
 19256 | Abyss:1  | Gained mutation: Your spells are a little easier to cast,
                  | but a little less powerful. [a neqoxec]
 19277 | Lair:2   | Escaped the Abyss
 19326 | Lair:2   | Noticed a four-headed hydra
 19335 | Lair:2   | Killed a one-headed hydra
 19485 | Lair:2   | Noticed a six-headed hydra
 19500 | Lair:2   | Killed a one-headed hydra
 19780 | Lair:2   | Reached skill level 1 in Throwing
 20263 | Lair:2   | Noticed a seven-headed hydra
 20569 | Lair:2   | Killed a one-headed hydra
 21640 | Lair:3   | Found a hole to the Spider Nest.
 23207 | Lair:3   | Reached skill level 10 in Invocations
 23207 | Lair:3   | Reached XP level 13. HP: 44/105 MP: 20/20
 23509 | Lair:3   | Reached skill level 10 in Axes
 24106 | Lair:3   | Found a staircase to the Swamp.
 25047 | Lair:4   | Reached skill level 5 in Shields
 25984 | Lair:5   | Found a frozen archway.
 26002 | IceCv    | Entered an ice cave
 26480 | IceCv    | Got a steaming gossamer ring
 26485 | IceCv    | Identified the ring "Zecke" {-Tele rC+ AC+1 Int+3} (You
                  | found it in an ice cave)
 26511 | IceCv    | Reached skill level 10 in Armour
 27374 | IceCv    | Noticed a frost giant
 27433 | IceCv    | HP: 5/107 [frost giant/bolt of cold (42)]
 27441 | Abyss:1  | HP: 4/107 [wretched star/orb of energy (16)]
 27452 | Abyss:1  | Killed from afar by a wretched star

Skill      XL: |  1  2  3  4  5  6  7  8  9 10 11 12 13 |
---------------+----------------------------------------+-----
Axes           | 2 3 4 6 7 8 9 10 | 10.9
Dodging        | 1 2 3 4 5 6 7 |  7.2
Armour         | 2 3 4 6 7 8 9 10 | 10.1
Invocations    | 3 4 5 6 7 8 10 | 10.8
Fighting       | 4 5 6 7 8 |  8.1
Shields        | 1 2 3 4 5 |  5.4
Throwing       | 2 |  2.2
Evocations     | |  0.3

Action                   |  1- 3 |  4- 6 |  7- 9 | 10-12 | 13-15 || total
-------------------------+-------+-------+-------+-------+-------++-------
Melee: Hand axe          |   121 |   189 |   272 |   899 |   400 ||  1881
       Kick              |    16 |    33 |    57 |   277 |   142 ||   525
Throw: Tomahawk          |       |       |       |    45 |     1 ||    46
Invok: Depart the Abyss  |     1 |       |       |     1 |       ||     2
       Bend Space        |       |       |     2 |       |     1 ||     3
       Banish            |       |       |       |     7 |     3 ||    10
       Enter the Abyss   |       |       |       |     1 |     1 ||     2
Evoke: Wand              |       |       |     1 |    13 |       ||    14
  Use: Scroll            |     5 |     6 |     3 |    19 |     2 ||    35
       Potion            |       |       |       |     7 |     4 ||    11
  Eat: Chunk             |     3 |     9 |    13 |    27 |    12 ||    64
       Ration            |       |       |       |     5 |       ||     5
Armor: Scale mail        |    12 |       |       |   160 |   168 ||   340
       Chain mail        |    94 |   136 |   180 |   100 |       ||   510
       Plate armour      |       |       |       |   129 |       ||   129
Dodge: Dodged            |    43 |    92 |    84 |   237 |   156 ||   612
Block: Other             |       |     2 |     4 |       |       ||     6
       Buckler           |       |       |    89 |   446 |   196 ||   731
       Reflection        |       |       |     2 |    20 |     1 ||    23
